Map: 어스름 탑

Players

llllllllllll - Winner!

  • Race: Protoss Protoss
  • League: Grandmaster

llllllllllll (Scarlett)

  • Race: Zerg Zerg
  • League: Grandmaster

VOD

Have the link to the VOD?

Description

Time

  • Played on: April 10, 2016, 5:55 a.m.
  • Length: 10:54
Show
View Real Time Build Order
Export as new Build Order

llllllllllll Protoss - Winner!

Build Orders: Nexus First, Phoenix Opening, Zealot Archon 

Get SALT Encoding   

  12  0:01  Probe (Chrono Boost)  
  13  0:11  Probe (Chrono Boost)  
  14  0:17  Pylon  
  14  0:22  Probe (Chrono Boost)  
  16  0:35  Probe (Chrono Boost)  
  16  0:46  Probe (Chrono Boost)  
  17  0:57  Nexus  
  17  1:07  Gateway  
  17  1:09  Probe (Chrono Boost)  
  18  1:16  Assimilator  
  18  1:20  Probe (Chrono Boost)  
  18  1:23  Assimilator  
  19  1:30  Probe (Chrono Boost)  
  20  1:36  Gateway  
  20  1:41  Probe (Chrono Boost)  
  21  1:51  Probe (Chrono Boost)  
  22  1:55  Cybernetics Core  
  22  2:02  Probe (Chrono Boost)  
  23  2:09  Probe (Chrono Boost)  
  23  2:13  Probe (Chrono Boost)  
  25  2:20  Probe (Chrono Boost)  
  26  2:23  Probe (Chrono Boost)  
  26  2:27  Pylon  
  27  2:30  Probe (Chrono Boost)  
  27  2:31  Adept x2  
  27  2:34  Probe (Chrono Boost)  
  27  2:36  Warp Gate  
  33  2:41  Probe (Chrono Boost)  
  34  2:44  Probe (Chrono Boost)  
  34  2:48  Stargate  
  35  2:52  Probe (Chrono Boost)  
  35  2:55  Probe (Chrono Boost)  
  37  3:03  Probe (Chrono Boost)  
  37  3:04  Pylon  
  39  3:05  Probe (Chrono Boost)  
  39  3:09  Zealot, Sentry  
  43  3:13  Probe (Chrono Boost)  
  43  3:17  Probe (Chrono Boost)  
  45  3:20  Pylon  
  45  3:24  Probe (Chrono Boost)  
  46  3:27  Probe (Chrono Boost)  
  46  3:31  Phoenix (Chrono Boost)  
  46  3:33  Probe (Chrono Boost)  
  52  3:41  Mothership Core (Chrono Boost)  
  53  3:49  Probe (Chrono Boost)  
  53  3:53  Phoenix  
  53  3:55  Nexus  
  53  3:57  Pylon  
  53  4:00  Probe (Chrono Boost)  
  57  4:03  Probe (Chrono Boost)  
  57  4:08  Forge  
  57  4:11  Gateway  
  57  4:12  Probe (Chrono Boost)  
  57  4:15  Phoenix, Probe (Chrono Boost)  
  59  4:23  Probe (Chrono Boost)  
  62  4:27  Pylon, Assimilator  
  62  4:29  Probe (Chrono Boost)  
  62  4:31  Assimilator  
  63  4:34  Probe (Chrono Boost)  
  63  4:36  Phoenix  
  64  4:39  Pylon  
  64  4:42  Probe (Chrono Boost)  
  64  4:45  Probe (Chrono Boost)  
  68  4:49  Protoss Ground Weapons Level 1 (Chrono Boost)  
  69  4:54  Probe (Chrono Boost)  
  69  4:55  Probe (Chrono Boost)  
  69  4:56  Photon Cannon  
  69  4:59  Phoenix  
  70  5:01  Pylon  
  70  5:06  Probe (Chrono Boost)  
  74  5:07  Probe (Chrono Boost)  
  74  5:08  Probe (Chrono Boost)  
  74  5:09  Pylon  
  75  5:18  Probe x3 (Chrono Boost)  
  78  5:27  Robotics Facility  
  78  5:28  Robotics Facility  
  78  5:29  Probe (Chrono Boost)  
  78  5:31  Probe (Chrono Boost)  
  78  5:32  Probe (Chrono Boost)  
  81  5:40  Probe (Chrono Boost), Assimilator  
  81  5:41  Assimilator  
  82  5:43  Twilight Council  
  82  5:44  Probe (Chrono Boost)  
  82  5:45  Probe (Chrono Boost)  
  84  5:50  Probe (Chrono Boost)  
  84  5:53  Sentry  
  84  5:54  Zealot, Sentry  
  84  5:55  Probe (Chrono Boost)  
  93  5:57  Probe (Chrono Boost)  
  93  6:05  Pylon  
  93  6:08  Pylon  
  93  6:17  Immortal x2 (Chrono Boost)  
  99  6:21  Charge  
  99  6:27  Gateway  
  99  6:29  Gateway  
  99  6:30  Gateway  
  99  6:32  Gateway  
  99  6:33  Gateway  
  99  6:37  Gateway x2  
  99  6:40  Templar Archives  
  99  6:42  Pylon  
  99  6:52  Immortal x2 (Chrono Boost)  
  107  7:05  Photon Cannon  
  107  7:09  Photon Cannon  
  107  7:12  Protoss Ground Weapons Level 2, Pylon, Photon Cannon  
  107  7:14  Photon Cannon  
  107  7:26  Immortal x2 (Chrono Boost)  
  107  7:29  High Templar x2  
  119  7:44  Archon, High Templar x2  
  119  7:50  Archon  
  123  7:51  Gateway  
  123  7:53  Gateway  
  123  7:57  Phoenix, Pylon  
  123  8:00  Immortal (Chrono Boost)  
  126  8:14  Immortal (Chrono Boost)  
  126  8:15  Probe x2  
  126  8:17  Photon Cannon  
  132  8:21  High Templar x2  
  136  8:30  Archon  
  136  8:32  Nexus  
  136  8:33  Pylon  
  132  8:36  Warp Prism (Chrono Boost), Pylon  
  134  8:48  Immortal (Chrono Boost)  
  138  8:55  High Templar  
  138  8:56  High Templar  
  138  9:00  Archon  
  142  9:03  High Templar x2  
  142  9:04  Zealot x5  
  142  9:08  Archon  
  156  9:11  Photon Cannon x2  
  156  9:13  Pylon  
  156  9:15  Photon Cannon  
  156  9:16  Immortal (Chrono Boost)  
  160  9:22  Zealot x3, Observer (Chrono Boost)  
  166  9:34  Zealot x3, High Templar x2  
  166  9:35  Zealot  
  166  9:38  Archon  
  176  10:00  Stalker x2  
  176  10:02  Stalker x3  
  176  10:03  Stalker  
  168  10:13  Zealot x4  
  168  10:14  Zealot x2  
  144  10:41  Zealot x3, Stalker x3  
  144  10:42  Stalker x5  
Show
View Real Time Build Order
Export as new Build Order

llllllllllll Zerg 

Build Orders: 3 Hatch before Pool 

Get SALT Encoding   

  12  0:00  Drone  
  13  0:09  Drone  
  14  0:18  Overlord  
  14  0:24  Drone, Extractor  
  15  0:37  Drone  
  15  0:38  Drone  
  17  0:53  Hatchery  
  16  0:57  Drone  
  16  0:59  Drone  
  18  1:06  Drone  
  19  1:20  Hatchery  
  19  1:23  Drone  
  19  1:28  Drone  
  20  1:38  Drone  
  20  1:39  Extractor  
  20  1:44  Spawning Pool  
  19  1:48  Drone  
  20  1:59  Drone  
  21  2:05  Drone  
  22  2:10  Drone  
  23  2:20  Overlord  
  23  2:23  Drone  
  23  2:27  Drone  
  25  2:34  Queen x3  
  25  2:36  Drone  
  32  2:41  Metabolic Boost  
  32  2:47  Drone x2  
  32  2:49  Drone  
  35  2:51  Drone  
  35  2:54  Overlord  
  36  2:59  Zergling x4  
  36  3:02  Zergling x2  
  39  3:06  Zergling x4  
  39  3:09  Overlord  
  41  3:18  Evolution Chamber  
  41  3:19  Queen  
  43  3:27  Drone x2, Overlord  
  43  3:28  Drone  
  43  3:29  Drone  
  46  3:36  Drone x2  
  48  3:44  Drone  
  48  3:45  Drone x5  
  54  3:48  Zerg Melee Weapons Level 1  
  54  3:51  Drone  
  54  3:55  Drone x2  
  57  3:56  Drone  
  57  4:02  Overlord x2  
  58  4:13  Drone  
  58  4:14  Lair  
  59  4:22  Drone x11  
  70  4:26  Overlord  
  70  4:27  Extractor  
  70  4:29  Extractor  
  68  4:33  Baneling Nest  
  68  4:36  Drone x5  
  72  4:39  Spore Crawler  
  72  4:43  Spore Crawler  
  70  4:46  Queen  
  70  4:50  Overlord x2  
  70  4:51  Drone  
  73  4:57  Overlord  
  73  4:59  Drone  
  74  5:03  Extractor  
  73  5:09  Drone, Spore Crawler  
  73  5:10  Drone x9  
  82  5:21  Drone x5  
  87  5:22  Queen  
  87  5:27  Extractor  
  88  5:29  Overlord x3, Extractor  
  88  5:34  Zergling x10  
  87  5:37  Evolution Chamber  
  87  5:38  Hatchery  
  84  5:44  Centrifical Hooks  
  84  5:45  Drone  
  84  5:46  Zerg Melee Weapons Level 2  
  84  5:47  Zergling x6  
  88  5:53  Infestation Pit  
  87  5:58  Drone x5  
  87  6:00  Drone x2  
  87  6:03  Overlord, Zerg Ground Armor Level 1  
  94  6:06  Pneumatized Carapace  
  94  6:07  Drone, Overlord x2  
  94  6:08  Drone  
  96  6:17  Drone x2  
  96  6:18  Drone  
  98  6:29  Zergling x6  
  98  6:30  Zergling x12  
  107  6:38  Hive  
  108  6:40  Drone x2  
  108  6:41  Spire  
  108  6:46  Zergling x6  
  111  6:50  Hatchery  
  109  6:54  Queen  
  109  6:58  Overlord  
  109  6:59  Overlord x2  
  109  7:01  Zergling x18  
  109  7:04  Drone  
  117  7:09  Queen  
  117  7:12  Overlord  
  117  7:13  Overlord x2  
  117  7:15  Baneling x3  
  119  7:16  Baneling  
  119  7:20  Baneling x3  
  118  7:23  Baneling  
  118  7:27  Drone x2  
  118  7:28  Overseer  
  120  7:33  Drone  
  120  7:34  Drone x7  
  120  7:36  Zergling x10  
  133  7:37  Spore Crawler  
  133  7:44  Extractor  
  130  7:46  Zergling x12  
  130  7:47  Extractor  
  130  7:49  Adrenal Glands  
  135  7:53  Greater Spire  
  135  7:58  Zerg Ground Armor Level 2  
  133  8:10  Overlord x3  
  133  8:12  Zerg Melee Weapons Level 3  
  131  8:22  Queen  
  131  8:23  Queen  
  131  8:25  Corruptor  
  131  8:26  Corruptor x5  
  144  8:34  Corruptor x2  
  148  8:43  Zergling x2  
  148  8:44  Zergling x22  
  158  9:03  Overlord x2  
  158  9:05  Corruptor x7  
  158  9:18  Baneling x4  
  158  9:29  Zergling x30  
  158  9:30  Zergling x12  
  165  9:44  Brood Lord x5  
  171  9:45  Baneling x8  
  171  9:46  Baneling x3  
  171  9:47  Brood Lord, Zergling x20  
  171  9:48  Zergling x2  
  175  9:54  Brood Lord, Zergling x2  
  175  9:55  Zergling x6  
  169  10:02  Zergling x4  
  169  10:03  Zergling x14  
  153  10:10  Corruptor  
  153  10:11  Corruptor  
  129  10:21  Corruptor x4  
  103  10:42  Hatchery  
Tags
 
Add a new tag
Caveats
  • Supply blocks, unpowered buildings, or Contaminate may cause inaccurate times.
  • Supply counts are checked every 10 seconds.